 Dungeon Crawl Stone Soup version 0.28.0-47-ge53b351184 (webtiles) character file.

Game seed: 1880818727301088619

14 Eitelfritz the Sneak (level 2, -1/17 HPs)
             Began as a Kobold Brigand on May 6, 2022.
             Slain by a goblin
             ... wielding a +1 dagger of electrocution
              (14 damage)
             ... on level 1 of the Dungeon.
             The game lasted 00:01:02 (200 turns).

Eitelfritz the Sneak (Kobold Brigand)                Turns: 200, Time: 00:01:03

Health: -1/17      AC:  3    Str:  8    XL:     2   Next: 60%
Magic:  2/2        EV: 14    Int: 12    God:
Gold:   14         SH:  0    Dex: 16    Spells: 1/1 levels left

rFire   . . .      SeeInvis .   a - +2 dagger
rCold   . . .      Faith    .   (no shield)
rNeg    . . .      Spirit   .   b - +0 robe
rPois   .          Reflect  .   (no helmet)
rElec   .          Harm     .   c - +0 cloak
rCorr   .          Rampage  .   (no gloves)
Will    .....                   (no boots)
Stlth   ++++......              (no amulet)
HPRegen 0.05/turn               (no ring)
MPRegen 0.08/turn               (no ring)

@: no status effects
A: small, no large weapons, nightstalker 3
a: no special abilities


You were on level 1 of the Dungeon.
You visited 1 branch of the dungeon, and saw 1 of its levels.

You collected 14 gold pieces.

Inventory:

Hand Weapons
 a - a +2 dagger (weapon)
Missiles
 d - 8 poisoned darts (quivered)
 e - 2 curare-tipped darts
Armour
 b - a +0 robe (worn)
 c - a +0 cloak (worn)


   Skills:
 + Level 2.2 Fighting
 + Level 2.8 Short Blades
 + Level 2.4 Throwing
 + Level 1.2 Dodging
 + Level 6.0 Stealth


You had one spell level left.
You didn't know any spells.
Your spell library contained the following spells:

 Spells                   Type           Power      Damage    Failure   Level
 Animate Skeleton         Necr           0%         N/A       32%         1
 Apportation              Tloc           0%         N/A       32%         1
 Summon Small Mammal      Summ           0%         N/A       32%         1


Dungeon Overview and Level Annotations

Branches:
Dungeon (1/15)

Altars:


Innate Abilities, Weirdness & Mutations

You are small and have problems with some larger weapons.
You are completely attuned to the shadows.


Message History

You kill the dart slug!
You see here a dart slug corpse.
A kobold comes into view. It is wielding a +0 short sword.
A goblin comes into view.
It is wielding a +1 dagger of electrocution.
A ball python comes into view.
Found 17 gold pieces.
The helpless kobold fails to defend itself.
You impale the kobold!!
You kill the kobold!
The ball python hisses angrily.
A rat comes into view.
Your Stealth skill increases to level 6!
You closely miss the ball python. The ball python closely misses you.
The ball python barely misses you.
You hit the ball python but do no damage.
The ball python barely misses you. The ball python grabs you.
The ball python constricts you.
You hit the ball python.
You kill the ball python!
You completely miss the rat. The rat bites you but does no damage.
You closely miss the rat. The rat completely misses you.
You closely miss the rat. The rat completely misses you.
You hit the rat.
You kill the rat!
Things that are here:
a rat corpse; a ball python corpse A rat comes into view.
The rat moves out of view.
A frilled lizard comes into view.
The goblin shouts!
The goblin hits you with a +1 dagger of electrocution.
The frilled lizard hisses angrily.
You hit the rat but do no damage. The rat bites you.
You hit the rat.
You kill the rat!
The frilled lizard bites you but does no damage.
The goblin hits you with a +1 dagger of electrocution.
You are electrocuted!
Ouch! That really hurt!
You die...

#....# #.##......# #.#
##...#########.#### #####.####
.....#≈≈≈≈≈≈≈#.# #........#
.....#≈≈.≈≈≈≈#)#######........#
..........≈≈≈≈.##...#.........#
........(..≈≈≈.#..............#
..#........≈≈≈............#####
...#...<.≈..≈≈..†.......).#
........≈≈≈≈≈..@.........#
##....≈≈≈≈≈.lg........##
#....≈≈≈≈≈........$.##
#....≈≈≈≈#..#..#..###
#..##....#


You could see a goblin and a frilled lizard.

Vanquished Creatures
  A dart slug (D:1)
  A bat (D:1)
  An endoplasm (D:1)
  3 goblins (D:1)
  3 kobolds (D:1)
  A ball python (D:1)
  A frilled lizard (D:1)
  2 rats (D:1)
13 creatures vanquished.

Notes
Turn   | Place    | Note
-------+----------+-------------------------------------------
     0 | D:1      | Eitelfritz the Kobold Brigand began the quest for the Orb.
     0 | D:1      | Reached XP level 1. HP: 12/12 MP: 1/1
   108 | D:1      | Reached XP level 2. HP: 17/17 MP: 2/2
   169 | D:1      | Reached skill level 6 in Stealth
   200 | D:1      | Slain by a goblin

Illustrated notes

Levels and vault maps discovered:
D:1:      dpeg_arrival_pond, layout_rooms, nicolae_ecumenical_snake_handling,
          chequers_serial_rivers_large_a

Skill      XL: |  1  2 |
---------------+-------+-----
Stealth        | 6 |  6.0
Fighting       | |  2.2
Short Blades   | |  2.8
Throwing       | |  2.4
Dodging        | |  1.2

Action                   || total
-------------------------++-------
Melee: Dagger            ||    19
 Stab: Sleeping          ||    10
Armor: Robe              ||     2
Dodge: Dodged            ||     5
